 Dungeon Crawl Stone Soup version 0.23-a0-455-ge12115f (webtiles) character file.

6378 Firecrotchwizard the Carver (level 10, -3/93 HPs)
             Began as a Minotaur Gladiator on Nov 25, 2018.
             Was an Elder of Okawaru.
             Slain by an unseen horror (8 damage)
             ... on level 10 of the Dungeon.
             The game lasted 00:18:05 (9198 turns).

Firecrotchwizard the Carver (Minotaur Gladiator)    Turns: 9198, Time: 00:18:05

Health: -3/93      AC: 12    Str: 19    XL:     10   Next: 65%
Magic:  9/9        EV: 14    Int:  5    God:    Okawaru [****..]
Gold:   486        SH:  6    Dex: 15    Spells: 9/9 levels left

rFire    . . .     SeeInvis .   K - +1 scimitar (flame)
rCold    . . .     Gourm    .   (no shield)
rNeg     . . .     Faith    .   x - +0 scale mail
rPois    +         Spirit   .   c - +0 hat
rElec    .         Reflect  +   (no cloak)
rCorr    +         Harm     .   F - +0 pair of gloves
MR       .....                  g - +2 pair of boots
Stlth    ..........             e - +6 amulet of reflection
HPRegen  0.25/turn              i - ring of poison resistance {rPois, !d}
MPRegen  0.11/turn              v - ring of resist corrosion

@: no status effects
A: retaliatory headbutt, horns 2
a: Heroism, Renounce Religion


You were on level 10 of the Dungeon.
You worshipped Okawaru.
Okawaru was greatly pleased with you.
You were very hungry.

You visited 2 branches of the dungeon, and saw 11 of its levels.

You collected 486 gold pieces.

Inventory:

Hand Weapons
 a - a +1 long sword
 E - a +3 great sword
   (You took it off a wight on level 7 of the Dungeon)
 H - the +10 hand crossbow "Qianir" {speed, rF- rC- Str+10 Stlth+}
   (You found it on level 8 of the Dungeon)

   Attacks with this weapon are significantly faster.
   It affects your strength (+10).
   It makes you vulnerable to fire.
   It makes you vulnerable to cold.
   It makes you more stealthy.
 K - a +1 scimitar of flaming (weapon)
   (You took it off Erica on level 8 of the Dungeon)
Missiles
 d - 2 throwing nets {=f, !d}
Armour
 c - a +0 hat (worn)
 g - a +2 pair of boots (worn)
   (You found it on level 2 of the Dungeon)
 x - a +0 scale mail (worn)
   (You took it off an orc on level 3 of the Dungeon)
 y - a +0 shield
   (You found it on level 7 of the Dungeon)
 F - a +0 pair of gloves (worn)
   (You found it on level 7 of the Dungeon)
Jewellery
 e - a +6 amulet of reflection (around neck)
   (You found it on level 1 of the Dungeon)
 i - a ring of poison resistance (left hand) {rPois, !d}
   (You found it on level 1 of the Dungeon)
 v - a ring of resist corrosion (right hand)
   (You found it on level 2 of the Dungeon)
Wands
 b - a wand of polymorph (3)
   (You took it off a gnoll on level 6 of the Dungeon)
 t - a wand of scattershot (5)
   (You found it on level 4 of the Dungeon)
 I - a wand of random effects (18)
   (You found it on level 8 of the Dungeon)
 J - a wand of iceblast (5)
   (You found it on level 8 of the Dungeon)
 N - a wand of flame (19)
   (You found it on level 9 of the Dungeon)
Scrolls
 h - a scroll of enchant weapon
 j - 2 scrolls of random uselessness
 k - 5 scrolls of identify
 l - 4 scrolls of fog
 m - 6 scrolls of remove curse
 p - 2 scrolls of fear
 s - 7 scrolls of amnesia
 G - a scroll of magic mapping {!r}
 M - 2 scrolls of teleportation
Potions
 n - a potion of degeneration {unknown}
 o - a potion of might {unknown}
 q - a potion of haste {unknown}
 r - 3 potions of curing
 u - 3 potions of cancellation {unknown}
 w - 2 potions of agility {unknown}
 z - a potion of lignification {unknown}
 A - 2 potions of magic {unknown}
 B - 2 potions of flight {unknown}
 C - 2 potions of berserk rage {unknown}
 D - a potion of invisibility {unknown}
Comestibles
 f - 14 rations


   Skills:
 + Level 10.0 Fighting
 * Level 13.6 Long Blades
 - Level 2.0 Throwing
 + Level 7.0 Armour
 - Level 6.8 Dodging
 - Level 0.9 Shields


You had 9 spell levels left.
You didn't know any spells.
Your spell library contained the following spells:

 Spells                   Type           Power        Failure   Level  Hunger
 Confusing Touch          Hex            #.....       82%         1    ##.....
 Corona                   Hex            #......      82%         1    ##.....
 Magic Dart               Conj           #...         82%         1    ##.....
 Sting                    Conj/Pois      #...         82%         1    ##.....
 Ensorcelled Hibernation  Hex/Ice        #.....       91%         2    ###....
 Poisonous Vapours        Pois/Air       #.....       91%         2    ###....
 Searing Ray              Conj           #.....       91%         2    ###....
 Confuse                  Hex            #.......     99%         3    ####...
 Dazzling Spray           Conj/Hex       #.....       99%         3    ####...
 Gell's Gravitas          Tloc           #.........   99%         3    ####...
 Mephitic Cloud           Conj/Pois/Air  #.......     99%         3    ####...
 Tukima's Dance           Hex            #.......     99%         3    ####...
 Force Lance              Conj/Tloc      #.......     100%        4    #####..
 Fulminant Prism          Conj/Hex       #.........   100%        4    #####..
 Iskenderun's Mystic Bla  Conj           #.......     100%        4    #####..
 Olgreb's Toxic Radiance  Pois           #.......     100%        4    #####..
 Petrify                  Tmut/Erth      #.......     100%        4    #####..
 Metabolic Englaciation   Hex/Ice        #.........   100%        5    ######.
 Venom Bolt               Conj/Pois      #.........   100%        5    ######.
 Yara's Violent Unravell  Hex/Tmut       #.........   100%        5    ######.


Dungeon Overview and Level Annotations

Branches:
Dungeon (10/15)            Temple (1/1) D:5
   Lair: D:8-11         Orc: D:9-12

Altars:
Ashenzari
Cheibriados
Dithmenos
Elyvilon
Fedhas
Gozag
Hepliaklqana
Kikubaaqudgha
Makhleb
Nemelex Xobeh
Okawaru
Qazlal
Ru
Sif Muna
Trog
Uskayaw
Vehumet
Wu Jian
Xom
Yredelemnul
Zin
The Shining One

Shops:
D:9 *

Annotations:
D:7 2 exclusions


Innate Abilities, Weirdness & Mutations

You reflexively headbutt those who attack you in melee.
You have a pair of horns on your head.


Message History

You headbutt the hungry ghost!
You destroy the hungry ghost!
Okawaru accepts your kill.
No target in view!
Autoeating chunks.
Eating a chunk of flesh {@w0}.
You eat the chunk of flesh {@w0}.
You are feeling hungry.
You may need something to eat soon, looking for food.
Can't find anything matching that.
Okay, then.
Something hits you but does no damage.
Deactivating autopickup; reactivate with Ctrl-A.
A soldier ant comes into view.
Something hits you!
You take 9 damage, and have 84/93 hp.
Something hits you but does no damage. Something hits you!
The soldier ant stings you! Something hits you!
You take 24 damage, and have 60/93 hp.
MASSIVE DAMAGE!!
You are too injured to fight recklessly!
You are too injured to fight recklessly!
You are too injured to fight recklessly!
You hit something but do no damage. You headbutt something. Something hits you.
Something hits you but does no damage. The soldier ant closely misses you.
You take 3 damage, and have 57/93 hp.
You are feeling very hungry.
You hit something. You burn something. Your headbutt misses something.
Something hits you.
You take 2 damage, and have 55/93 hp.
Something barely misses you.
You hit the soldier ant. You burn the soldier ant. Something hits you!
The soldier ant stings you.
You take 11 damage, and have 44/93 hp.
You closely miss the soldier ant. You headbutt the soldier ant.
Something hits you. You block the soldier ant's attack.
You take 5 damage, and have 39/93 hp.
You barely miss the soldier ant. Something barely misses you.
You completely miss the soldier ant. You headbutt the soldier ant.
Something hits you but does no damage.
The soldier ant stings you but does no damage.
You hit the soldier ant but do no damage.
The soldier ant closely misses you.
You barely miss the soldier ant. Something hits you but does no damage.
You block the soldier ant's attack.
You slice the soldier ant!! You burn the soldier ant.
You kill the soldier ant!
Okawaru accepts your kill.
Your Fighting skill increases to level 10!
Your Armour skill increases to level 7!
Something barely misses you. Something hits you!
You take 7 damage, and have 33/93 hp.
Something hits you but does no damage.
You closely miss something. Something hits you!
* * * LOW HITPOINT WARNING * * *
Something hits you.
* * * LOW HITPOINT WARNING * * *
You take 12 damage, and have 22/93 hp.
You slash something! You burn something. Something hits you.
* * * LOW HITPOINT WARNING * * *
Something hits you but does no damage.
You take 4 damage, and have 18/93 hp.
You barely miss something. You block something's attack. Something hits you.
* * * LOW HITPOINT WARNING * * *
You take 1 damage, and have 17/93 hp.
Something hits you but does no damage. Something hits you but does no damage.
Something hits you but does no damage. Something hits you.
* * * LOW HITPOINT WARNING * * *
Something hits you.
* * * LOW HITPOINT WARNING * * *
You take 8 damage, and have 10/93 hp.
Something hits you.
* * * LOW HITPOINT WARNING * * *
You take 5 damage, and have 5/93 hp.
Something hits you but does no damage.
It was a potion of curing.
You feel better. Something hits you but does no damage.
You regained 10 hp, and now have 16/93 hp.
Okay, then.
Okay, then.
Okay, then.
Something barely misses you. Something hits you but does no damage.
You miss something. Your headbutt misses something.
Something barely misses you.
You slash something! You burn something. Your headbutt misses something.
Something hits you but does no damage. Something hits you.
* * * LOW HITPOINT WARNING * * *
You take 5 damage, and have 12/93 hp.
Something hits you!
* * * LOW HITPOINT WARNING * * *
Something hits you but does no damage.
You take 7 damage, and have 5/93 hp.
You hit something. You burn something. Your headbutt misses something.
Something hits you but does no damage. Something hits you but does no damage.
You slash something! You burn something. Something hits you!
You die...

#..........÷.......#....#
##.########.###.#.#.##...###
.#.#######.................#
.#.##.......###.###..##.####
.#.##.#.###.# #.###..##.#
.#≈##.#.##..# #.........#
..≈≈#.#.##..# #####..#.....
.≈.≈≈.#.##..# #{....##.###
.≈.#≈.#.##..# #@##.## ..#
≈≈..≈≈#.##..####.##.# .#
...##≈#.##..##...(..# #
..≈##≈#.##.............#
.≈≈####.##.........###.#
≈)##.##..#.###.....#
≈......≈...# #######
)..##.≈≈≈..## ..####)#....#


There were no monsters in sight!

Vanquished Creatures
  Erica (D:8)
  A catoblepas (D:9)
  A two-headed ogre (D:8)
  Grinder (D:4)
  4 yaks (D:9)
  2 hungry ghosts
  A human (D:9)
  A soldier ant (D:10)
  3 orc warriors
  A phantom (D:6)
  An ice beast (D:9)
  An eye of draining (D:10)
  4 ogres
  4 centaurs
  3 bullfrogs
  A scorpion (D:7)
  5 killer bees (D:8)
  7 wights
  An electric eel (D:7)
  6 crimson imps
  2 centaur zombies
  A hound (D:8)
  4 jellies
  6 orc priests
  6 orc wizards
  3 worker ants
  A hound skeleton (D:5)
  A worker ant zombie (D:5)
  6 gnolls (D:6)
  A howler monkey skeleton (D:4)
  5 adders
  A shadow imp (D:10)
  11 oozes
  An adder skeleton (D:5)
  2 worms
  A dart slug (D:2)
  3 leopard geckos
  27 orcs
  4 giant cockroaches
  11 goblins
  12 hobgoblins
  14 jackals
  14 kobolds
  3 quokkas
  8 bats
  5 frilled lizards
  3 rats
  A bush (D:6)
206 creatures vanquished.

Vanquished Creatures (others)
  4 fungi (D:4)
  7 plants (D:10)
  4 toadstools (D:4)
15 creatures vanquished.

Grand Total: 221 creatures vanquished

Notes
Turn   | Place    | Note
-------+----------+-------------------------------------------
     0 | D:1      | Firecrotchwizard the Minotaur Gladiator began the quest for
                  | the Orb.
     0 | D:1      | Reached XP level 1. HP: 18/18 MP: 0/0
   101 | D:1      | Reached skill level 4 in Long Blades
   101 | D:1      | Reached XP level 2. HP: 23/25 MP: 1/1
   304 | D:1      | Reached skill level 3 in Fighting
   319 | D:1      | Reached XP level 3. HP: 31/31 MP: 2/2
   941 | D:2      | Found a snail-covered altar of Cheibriados.
   991 | D:2      | Reached skill level 5 in Long Blades
   996 | D:2      | Reached XP level 4. HP: 35/38 MP: 3/3
  1243 | D:2      | Reached skill level 4 in Dodging
  1263 | D:2      | Found a bloodstained altar of Trog.
  1553 | D:3      | Found a faded altar of an unknown god.
  1664 | D:3      | Reached XP level 5. HP: 19/45 MP: 4/4
  2227 | D:4      | Reached skill level 4 in Fighting
  2227 | D:4      | Reached skill level 6 in Long Blades
  2234 | D:4      | Found the +8 frozen axe "Frostbite" {freezing cloud, *Noise
                  | +Fly rC+}
  2271 | D:4      | Noticed Grinder
  2285 | D:4      | HP: 4/46 [Grinder/nerve-wracking pain (8)]
  2287 | D:4      | Killed Grinder
  2287 | D:4      | Reached XP level 6. HP: 5/53 MP: 5/5
  2610 | D:4      | Reached skill level 7 in Long Blades
  2610 | D:4      | Reached skill level 5 in Dodging
  2864 | D:4      | Found a white marble altar of Elyvilon.
  2930 | D:4      | Reached XP level 7. HP: 60/60 MP: 6/6
  2934 | D:4      | Reached skill level 5 in Fighting
  2952 | D:4      | Found a hazy altar of Hepliaklqana.
  3054 | D:4      | Reached skill level 8 in Long Blades
  3338 | D:4      | Found a bloodstained altar of Trog.
  3420 | D:5      | Entered Level 5 of the Dungeon
  3860 | D:5      | Found a shimmering altar of Xom.
  3860 | D:5      | Found a white marble altar of Elyvilon.
  3945 | D:5      | Found a staircase to the Ecumenical Temple.
  3953 | Temple   | Entered the Ecumenical Temple
  4441 | D:6      | Found a stormy altar of Qazlal.
  4441 | D:6      | Noticed a water elemental
  4545 | D:6      | Reached skill level 6 in Dodging
  4545 | D:6      | Reached XP level 8. HP: 42/70 MP: 7/7
  4729 | D:6      | Reached skill level 6 in Fighting
  4771 | D:6      | Reached skill level 9 in Long Blades
  4871 | Temple   | Became a worshipper of Warmaster Okawaru
  5273 | D:6      | Noticed an air elemental
  5452 | D:7      | Reached skill level 10 in Long Blades
  5463 | D:7      | Reached skill level 7 in Fighting
  5531 | D:7      | Reached * piety under Okawaru
  5536 | D:7      | HP: 12/73 [orc warrior/+0 trident (14)]
  5537 | D:7      | Reached skill level 1 in Armour
  5619 | D:6      | HP: 18/73 [orc warrior/+0 trident (9)]
  5889 | D:7      | Reached skill level 2 in Armour
  5889 | D:7      | Reached XP level 9. HP: 79/79 MP: 8/8
  6819 | D:8      | Reached skill level 11 in Long Blades
  7079 | D:8      | Reached skill level 3 in Armour
  7089 | D:8      | Noticed a two-headed ogre
  7106 | D:8      | Killed a two-headed ogre
  7106 | D:8      | Reached ** piety under Okawaru
  7106 | D:8      | Reached skill level 8 in Fighting
  7106 | D:8      | Reached skill level 4 in Armour
  7766 | D:8      | Noticed Erica
  7782 | D:8      | Killed Erica
  7782 | D:8      | Reached *** piety under Okawaru
  7782 | D:8      | Reached skill level 12 in Long Blades
  7782 | D:8      | Reached skill level 5 in Armour
  8030 | D:8      | Got an encrusted hand crossbow
  8031 | D:8      | Identified the +10 hand crossbow "Qianir" {speed, rF- rC-
                  | Str+10 Stlth+} (You found it on level 8 of the Dungeon)
  8071 | D:8      | Reached XP level 10. HP: 88/90 MP: 9/9
  8074 | D:8      | Reached skill level 9 in Fighting
  8115 | D:8      | Found a burning altar of Makhleb.
  8115 | D:8      | Noticed a blizzard demon
  8237 | D:9      | Found an opulent altar of Gozag.
  8250 | D:9      | Found Gozag's Platinum Reserve.
  8511 | D:9      | Noticed a catoblepas
  8535 | D:9      | Killed a catoblepas
  8535 | D:9      | Reached skill level 13 in Long Blades
  8535 | D:9      | Reached skill level 6 in Armour
  8550 | D:9      | Found a glowing golden altar of the Shining One.
  8565 | D:9      | Found a sparkling altar of Nemelex Xobeh.
  8620 | D:9      | Reached **** piety under Okawaru
  8935 | D:10     | Entered Level 10 of the Dungeon
  9176 | D:10     | Reached skill level 10 in Fighting
  9176 | D:10     | Reached skill level 7 in Armour
  9179 | D:10     | HP: 22/93 [something (4)]
  9185 | D:10     | HP: 12/93 [something (6)]
  9186 | D:10     | HP: 5/93 [something (5)]
  9194 | D:10     | HP: 12/93 [something (5)]
  9195 | D:10     | HP: 5/93 [something (8)]
  9198 | D:10     | Slain by an unseen horror

Vault maps used:
D:1:      wander_arrival_chamber, due_unseen_surprise
D:2:      lemuel_round_altar, trog_hazing_becter
D:3:      cheibrodos_pilgrimage, first_ration, chequers_ecumenical_altar_simple
D:4:      cheibrodos_fertilizer, kennysheep_little_box, lightli_temple_of_fire,
          minmay_misc_feat_rugged, elyvilon_altar_4, uniq_grinder
D:5:      gammafunk_temple_overflow_pools, minmay_temple_entry_enclosed_plants,
          lemuel_flamethrower_1
D:6:      minmay_hedge_maze, nicolae_qazlal_style_of_elements
D:7:      water_boxes_lemuel
D:8:      makhleb_altar_promises_db, uniq_erica
D:9:      nicolae_gozag_zags_fifth_avenue, overflow_temple_1_default,
          overflow_temple_1_default, grunt_pizzeria
D:10:     david_lair_shrubbed, serial_rivers, chequers_serial_rivers_room_b,
          chequers_serial_rivers_large_a, chequers_serial_rivers_small_b,
          chequers_serial_rivers_micro_a, chequers_serial_rivers_micro_e
Temple:   nicolae_temple_god_jail

Skill      XL: |  1  2  3  4  5  6  7  8  9 10 |
---------------+-------------------------------+-----
Long Blades    | 4 5 6 7 8 10 12 13 | 13.6
Fighting       | 3 4 5 7 8 10 | 10.0
Dodging        | 4 5 6 |  6.8
Armour         | 2 5 7 |  7.0
Throwing       | |  2.0
Shields        | |  0.9

Action                   |  1- 3 |  4- 6 |  7- 9 | 10-12 || total
-------------------------+-------+-------+-------+-------++-------
Melee: Long sword        |    64 |    94 |   296 |       ||   454
       Headbutt          |    12 |    18 |    93 |    28 ||   151
       Unarmed           |       |       |     5 |       ||     5
       Great sword       |       |       |    22 |       ||    22
       Scimitar          |       |       |     3 |   106 ||   109
Throw: Throwing net      |       |     1 |     1 |       ||     2
Invok: Heroism           |       |       |     1 |     2 ||     3
  Use: Scroll            |       |       |    13 |       ||    13
       Potion            |       |       |       |     1 ||     1
 Stab: Sleeping          |       |     1 |       |       ||     1
       Confused          |       |       |     1 |       ||     1
  Eat: Chunk             |       |     6 |     8 |     4 ||    18
       Ration            |       |       |     3 |       ||     3
Armor: Leather armour    |    19 |    24 |       |       ||    43
       Scale mail        |       |    15 |    85 |    35 ||   135
       Skin              |       |       |     2 |       ||     2
Dodge: Dodged            |    51 |    89 |   146 |    38 ||   324
Block: Shield            |       |       |    41 |       ||    41
       Other             |       |       |    43 |    16 ||    59
       Reflection        |       |       |     2 |     1 ||     3
       Rpst.: Long sword |    13 |    18 |    31 |       ||    62
       Great sword       |       |       |     8 |       ||     8
       Scimitar          |       |       |       |     7 ||     7

Table legend:
 A = Non-vault XP
 B = Vault XP
 C = Vault XP percentage of total XP
 D = Non-vault monster count
 E = Vault monster count
 F = Vault count percentage of total count
                 A         B        C        D         E       F
            +---------+---------+-------+---------+---------+-------
      Total |    7444 |    1668 |  18.3 |     172 |      33 |  16.1
            +---------+---------+-------+---------+---------+-------
        D:1 |      61 |       0 |   0.0 |      29 |       0 |   0.0
        D:2 |      51 |      10 |  16.4 |      19 |       6 |  24.0
        D:3 |      38 |      50 |  56.8 |      14 |       5 |  26.3
        D:4 |     446 |     456 |  50.6 |      17 |      20 |  54.1
        D:5 |     202 |       0 |   0.0 |       6 |       0 |   0.0
        D:6 |     720 |       0 |   0.0 |      14 |       0 |   0.0
        D:7 |    1005 |       0 |   0.0 |      26 |       0 |   0.0
        D:8 |    1768 |     960 |  35.2 |      19 |       1 |   5.0
        D:9 |    2373 |     192 |   7.5 |      17 |       1 |   5.6
       D:10 |     780 |       0 |   0.0 |      11 |       0 |   0.0
            +---------+---------+-------+---------+---------+-------

Vault maps used:
D:1:      wander_arrival_chamber, due_unseen_surprise
D:2:      lemuel_round_altar, trog_hazing_becter
D:3:      cheibrodos_pilgrimage, first_ration, chequers_ecumenical_altar_simple
D:4:      cheibrodos_fertilizer, kennysheep_little_box, lightli_temple_of_fire,
          minmay_misc_feat_rugged, elyvilon_altar_4, uniq_grinder
D:5:      gammafunk_temple_overflow_pools, minmay_temple_entry_enclosed_plants,
          lemuel_flamethrower_1
D:6:      minmay_hedge_maze, nicolae_qazlal_style_of_elements
D:7:      water_boxes_lemuel
D:8:      makhleb_altar_promises_db, uniq_erica
D:9:      nicolae_gozag_zags_fifth_avenue, overflow_temple_1_default,
          overflow_temple_1_default, grunt_pizzeria
D:10:     david_lair_shrubbed, serial_rivers, chequers_serial_rivers_room_b,
          chequers_serial_rivers_large_a, chequers_serial_rivers_small_b,
          chequers_serial_rivers_micro_a, chequers_serial_rivers_micro_e
Temple:   nicolae_temple_god_jail

Table legend:
 A = Turns spent in this place as a percentage of turns spent in the entire game.
 B = Non-inter-level travel turns spent in this place as a percentage of non-inter-level travel turns spent in the entire game.
 C = Inter-level travel turns spent in this place as a percentage of turns spent in this place.
 D = Turns resting spent in this place as a percentage of non-inter-level travel turns spent in this place.
 E = Turns spent auto-exploring this place as a percentage of non-inter-level travel turns spent in this place.
 F = Non-inter-level travel turns spent in this place divided by the number of levels of this place that you've seen.
                   A       B       C       D       E      F
               +-------+-------+-------+-------+-------+----------------------
         Total | 100.0 | 100.0 |   5.9 |  27.2 |  56.1 | 787.0
       Dungeon |  98.8 |  99.3 |   5.4 |  27.4 |  55.8 | 859.8
        Temple |   1.2 |   0.7 |  44.3 |   0.0 |  96.6 |  59.0
               +-------+-------+-------+-------+-------+----------------------

Table legend:
 A = Kills in this place as a percentage of kills in entire the game.
 B = Kills by you in this place as a percentage of kills by you in the entire game.
 C = Kills by friends in this place as a percentage of kills by friends in the entire game.
 D = Other kills in this place as a percentage of other kills in the entire game.
 E = Experience gained in this place as a percentage of experience gained in the entire game.
 F = Experience gained in this place divided by the number of levels of this place that you have seen.
                   A       B       C       D       E      F
               +-------+-------+-------+-------+-------+----------------------
         Total | 100.0 | 100.0 |   N/A |   N/A | 100.0 | 828.4
       Dungeon | 100.0 | 100.0 |   N/A |   N/A | 100.0 | 911.2
               +-------+-------+-------+-------+-------+----------------------
